 Dungeon Crawl Stone Soup version 0.19-a0-1740-g0bcaf2e (webtiles) character file.

107 Amnesiac the Cudgeler (level 4, -3/49 HPs)
             Began as an Ogre Monk on Oct 1, 2016.
             Slain by a gnoll
             ... wielding a +0 whip
              (6 damage)
             ... on level 3 of the Dungeon.
             The game lasted 00:02:25 (1392 turns).

Amnesiac the Cudgeler (Ogre Monk)                   Turns: 1392, Time: 00:02:26

Health: -3/49      AC:  4    Str: 16    XL:     4   Next: 85%
Magic:  4/4        EV: 11    Int: 12    God:
Gold:   57         SH:  0    Dex: 13    Spells: 0 memorised, 3 levels left

rFire  . . .     SeeInvis .     t - +0 flail
rCold  . . .     Gourm    .     b - +0 robe
rNeg   . . .     Faith    .     (no shield)
rPois  .         Spirit   .     (helmet restricted)
rElec  .         Dismiss  .     j - +0 cloak
rCorr  .         Reflect  .     (gloves unavailable)
MR     .....     Harm     .     (boots unavailable)
Stlth  ++........               (no amulet)
                                r - +3 ring of intelligence
                                (no ring)

@: no status effects
A: unfitting armour, tough skin 1
a: no special abilities


You were on level 3 of the Dungeon.
You were hungry.

You visited 1 branch of the dungeon, and saw 4 of its levels.

You collected 57 gold pieces.

Inventory:

Hand Weapons
 a - a +0 mace
 t - a +0 flail (weapon)
Armour
 b - a +0 robe (worn)
 j - a +0 cloak (worn)
Jewellery
 r - a +3 ring of intelligence (right hand)
Wands
 v - a wand of slowing (33/48)
Scrolls
 e - 2 scrolls of blinking
 f - 3 scrolls of remove curse
 i - 4 scrolls of identify
 m - a scroll of enchant weapon {unknown}
 n - a scroll of random uselessness {unknown}
 o - a scroll of teleportation {unknown}
 p - a scroll of magic mapping {unknown}
 u - a scroll of amnesia {unknown}
 w - a scroll of fog {unknown}
Potions
 d - a potion of curing {unknown}
 g - 2 potions of agility {unknown}
 h - 2 potions of resistance {unknown}
 q - 2 potions of flight
 x - a potion of invisibility {unknown}
Comestibles
 c - 2 bread rations
 k - 2 beef jerkies
 l - 2 fruits
 s - a meat ration


   Skills:
 + Level 4.7 Fighting
 * Level 5.9 Maces & Flails
 + Level 3.3 Dodging
 - Level 1.5 Stealth


You had 3 spell levels left.
You didn't know any spells.

Dungeon Overview and Level Annotations

Branches:
Dungeon (4/15)
 Temple: D:4-7

Altars:


Innate Abilities, Weirdness & Mutations

You are too large for most types of armour.
You have tough skin. (AC +1)


Message History

The iguana bites you.
You hit the iguana but do no damage.
The iguana is lightly wounded.
The iguana bites you!
You closely miss the iguana.
The iguana is lightly wounded.
The iguana bites you!
* * * LOW HITPOINT WARNING * * *
The iguana completely misses you.
Okay, then.
The iguana hisses menacingly.
There is a stone staircase leading up here.
You climb upwards.
The gnoll shouts!
The orc shouts! 2 gnolls and an orc wizard come into view.
The gnoll shouts!
The orc wizard shouts!
The gnoll shouts!
The gnoll hits you with a spear!
* * * LOW HITPOINT WARNING * * *
The gnoll hits you with a whip.
You die...

#. #.## #...
#..# #..# #.g#
#.#.#..#####..
#...o.@g.!....
#..o<.g.....?..
..#.#.#######..
.. #. . .## ..#
#.# # #.# # #.#


You could see an orc wizard, 3 gnolls and an orc.

Vanquished Creatures
  An orc wizard (D:3)
  A worker ant (D:4)
  2 adders
  An ooze (D:2)
  A worm (D:2)
  A dart slug (D:2)
  A leopard gecko (D:2)
  4 orcs (D:4)
  A bat (D:2)
  3 giant cockroaches
  2 goblins (D:2)
  2 hobgoblins (D:2)
  2 jackals (D:4)
  A kobold (D:2)
  A frilled lizard (D:2)
  A rat (D:2)
25 creatures vanquished.

Notes
Turn   | Place    | Note
-------+----------+-------------------------------------------
     0 | D:1      | Amnesiac the Ogre Monk began the quest for the Orb.
     0 | D:1      | Reached XP level 1. HP: 24/24 MP: 1/1
    87 | D:3      | Noticed an orc wizard
   122 | D:2      | Reached XP level 2. HP: 27/32 MP: 2/2
   300 | D:2      | Reached XP level 3. HP: 37/40 MP: 3/3
   537 | D:2      | Reached skill level 5 in Maces & Flails
   570 | D:3      | Reached XP level 4. HP: 36/49 MP: 4/4
  1392 | D:3      | Slain by a gnoll

Vault maps used:
D:1:      dpeg_arrival_stonehenge_8_columns, st_stairs_4,
          minmay_misc_feat_nine_boxes, minivault_19, serial_bayou_pond_d,
          minmay_pentomino_o4
D:2:      fiery_altar_vehumet, marbit_many_paths, first_bread,
          kennysheep_generic_room_16
D:3:      old_standard_altar, kennysheep_generic_room_15
D:4:      hangedman_abyss_or_decor_lesser_grid

Skill      XL: |  1  2  3 |
---------------+----------+-----
Dodging        | 3 |  3.3
Maces & Flails | 5 |  5.9
Fighting       | |  4.7
Stealth        | |  1.5

Action                   |  1- 3 |  4- 6 || total
-------------------------+-------+-------++-------
Melee: Mace              |    54 |    26 ||    80
       Flail             |       |    26 ||    26
  Use: Scroll            |       |     3 ||     3
 Stab: Sleeping          |     1 |     2 ||     3
  Eat: Chunk             |       |     1 ||     1
Armor: Robe              |     6 |    15 ||    21
Dodge: Dodged            |    26 |    37 ||    63
